 Dungeon Crawl Stone Soup version 0.29-a0-323-g050149af67 (webtiles) character file.

Game seed: 13181450719900190623

39 GigaChad the Skirmisher (level 3, -1/29 HPs)
             Began as a Demonspawn Chaos Knight on Apr 11, 2022.
             Was a Plaything of Xom.
             Succumbed to an adder's poison
             ... on level 2 of the Dungeon.
             The game lasted 00:05:18 (1205 turns).

GigaChad the Skirmisher (Demonspawn Chaos Knight)   Turns: 1205, Time: 00:05:18

Health: -1/29      AC:  5    Str: 12    XL:     3   Next: 26%
Magic:  3/3        EV:  8    Int: 13    God:    Xom [*.....]
Gold:   51         SH:  0    Dex: 14    Spells: 2/2 levels left

rFire   . . .      SeeInvis .   a - +0 falchion (chaos)
rCold   . . .      Faith    .   (no shield)
rNeg    . . .      Spirit   .   b - +2 leather armour
rPois   .          Reflect  .   (no helmet)
rElec   .          Harm     .   (no cloak)
rCorr   .          Rampage  .   (no gloves)
Will    .....                   (no boots)
Stlth   +.........              (no amulet)
HPRegen 0.09/turn               (no ring)
MPRegen 0.08/turn               (no ring)

@: lethally poisoned (-1 -> -14), constricted
A: hooves 1, powered by pain 1
a: Renounce Religion


You were on level 2 of the Dungeon.
You worshipped Xom.
You were a special plaything of Xom.
You visited 1 branch of the dungeon, and saw 2 of its levels.

You collected 51 gold pieces.

Inventory:

Hand Weapons
 a - a +0 falchion of chaos (weapon)
Missiles
 h - 3 poisoned darts
Armour
 b - a +2 leather armour (worn)
Magical Staves
 g - a staff of air
Scrolls
 d - a scroll of noise
 f - a scroll of immolation
 i - a scroll of identify
Potions
 e - 2 potions of might {unknown}
Miscellaneous
 c - a piece from Xom's chessboard (15/15) (quivered)


   Skills:
 + Level 3.3 Fighting
 + Level 3.2 Long Blades
 + Level 2.0 Armour
 + Level 1.5 Dodging


You had 2 spell levels left.
You didn't know any spells.
Your spell library was empty.

Dungeon Overview and Level Annotations

Branches:
Dungeon (2/15)

Altars:


Innate Abilities, Weirdness & Mutations

You have large cloven feet.
You sometimes gain a little power by taking damage.


Message History

You are poisoned.
The adder poisons you! The ball python misses you.
The ball python barely misses you.
You barely miss the adder. You kick the adder.
The adder is moderately wounded.
You feel sick. The adder barely misses you.
The ball python bites you but does no damage.
The ball python grabs you. The ball python constricts you.
The adder bites you but does no damage.
You closely miss the adder.
The adder is moderately wounded.
You feel sick. The ball python bites you. The ball python constricts you.
The adder bites you.
You closely miss the adder. Your kick misses the adder.
The adder is moderately wounded.
You feel sick. The adder bites you but does no damage.
The ball python closely misses you. The ball python constricts you.
The adder barely misses you.
You closely miss the adder.
The adder is moderately wounded.
You feel sick. The ball python barely misses you.
The ball python constricts you. The adder bites you.
The ball python barely misses you. The ball python constricts you.
You barely miss the adder.
The adder is moderately wounded.
You feel sick.
You are no longer poisoned.
The adder bites you.
* * * LOW HITPOINT WARNING * * *
You are lethally poisoned!
The adder poisons you! The ball python bites you.
* * * LOW HITPOINT WARNING * * *
The ball python constricts you. The adder bites you.
* * * LOW HITPOINT WARNING * * *
You are more poisoned.
The adder poisons you!
You miss the adder. Your kick misses the adder.
The adder is moderately wounded.
You die...
Xom giggles madly!

,,**,,**,,,,,**,,,,,**,* *,,,,*
,,,,,,**,*******,,,***,***,**,*
*,,,,,,,,* **,** *,,,,,,,,*
****,***** *,* *****,*,,* *,*
*,* *,*,,* *<**** ##+##
***,*,,*** *,,,,* ##.?.##
*,,,,,,,,, ****,* ##.SS..##
*,***,***, **,**
##..@....##*,**,,* *,
**,,,***#.........#*,*,,,***,
*,,*,,,,+.........+,,,,,,,,,,
**,***,**#.........#*,*,,,*,*,
*,** **,*##.......##*,**,**,,<
**,***,** ##.....## *,^,,,,,,,
*,,*,** ##...## *******,**
*,*,** ##'## *,* *,*** #.# *,*


You could see an adder and a ball python.

Vanquished Creatures
  An adder (D:2)
  2 endoplasms (D:2)
  A giant cockroach (D:1)
  4 goblins
  2 hobgoblins
  A quokka (D:1)
  5 ball pythons
  5 bats
  A frilled lizard (D:1)
  A kobold (D:2)
  7 rats
30 creatures vanquished.

Notes
Turn   | Place    | Note
-------+----------+-------------------------------------------
     0 | D:1      | GigaChad the Demonspawn Chaos Knight began the quest for
                  | the Orb.
     0 | D:1      | Reached XP level 1. HP: 18/18 MP: 1/1
   112 | D:1      | Reached skill level 1 in Dodging
   142 | D:1      | XOM: silly message
   190 | D:1      | XOM: silly message
   223 | D:1      | Gained mutation: You sometimes gain a little power by
                  | taking damage. [demonic ancestry]
   223 | D:1      | Reached XP level 2. HP: 15/24 MP: 2/2
   368 | D:1      | XOM: silly message
   441 | D:1      | Found a faded altar of an unknown god.
  1099 | D:2      | Gained mutation: You have large cloven feet. [demonic
                  | ancestry]
  1099 | D:2      | Reached XP level 3. HP: 26/29 MP: 3/3
  1195 | D:2      | XOM: polymorph frilled lizard -> adder
  1205 | D:2      | Succumbed to an adder's poison

Illustrated notes

Levels and vault maps discovered:
D:1:      scummos_arrival_simple_crosswalls, layout_loops_ring,
          hellmonk_ecumenical_altar_lost_god, hangedman_abyss_or_decor_stabs
D:2:      layout_loops_corners

Skill      XL: |  1  2 |
---------------+-------+-----
Dodging        | 1 |  1.5
Long Blades    | 3 |  3.2
Armour         | 2 |  2.0
Fighting       | |  3.3

Action                   || total
-------------------------++-------
Melee: Falchion          ||    94
       Kick              ||     2
       Punch             ||     1
  Use: Scroll            ||     4
Armor: Leather armour    ||    95
Dodge: Dodged            ||   139

Table legend: (Time is in decaauts)
 A = Elapsed time spent in this place.
 B = Non-inter-level travel time spent in this place.
 C = Inter-level travel time spent in this place.
 D = Time resting spent in this place.
 E = Time spent auto-exploring this place.
 F = Levels seen in this place.
 G = Mean time per level.
                   A        B        C        D        E       F      G
               +--------+--------+--------+--------+--------+-----+--------+
         Total |   1218 |   1218 |      0 |    106 |     68 |   2 |  609.0 |
       Dungeon |   1218 |   1218 |      0 |    106 |     68 |   2 |  609.0 |
               +--------+--------+--------+--------+--------+-----+--------+

Top non-repeatable levels by time:
     D:1: 798 daAuts
     D:2: 419 daAuts
